AoeStats
← STANLEY8392

Arena

510433281Analyzed
3v3 RM · 1d ago on Oct 1, 2026· 34m 38s· 6 players
Game mode
Random Map
Map size
Normal (6 player)
Population
200
Speed
Normal
Resources
Standard
Victory
Conquest
Starting age
Dark Age
Ending age
Imperial Age
RankedLock teamsTeams togetherTeam positionsShared explorationLock speedFull tech treeHidden civsTurbo modeCheats
Victory
Defeat
🇦🇷 Mongols · Argentina
1016
+12
🇦🇷 Huns · Argentina
983
+13
🇦🇷 Khmer · Argentina
954
+13
🇹🇷 Teutons · Türkiye
948
-14
🇧🇷 Turks · Brazil
899
-12
🇺🇸 Celts · United States
897
-12
Khan Noonien Smith
10:48 Feudal Age
11:17 Horse Collar
16:41 Castle Age
14:58 Double-Bit Axe
15:46 Stone Mining
18:13 Town Watch
19:07 Wheelbarrow
19:18 Heavy Plow
20:01 Bow Saw
22:30 Hand Cart
25:04 Gold Mining
27:02 Gold Shaft Mining
30:32 Imperial Age
29:09 Fortified Wall
29:01 Fletching
29:21 Forging
29:12 Scale Mail Armor
29:43 Murder Holes
30:09 Ballistics
30:01 Town Patrol
30:54 Stone Shaft Mining
30:37 Masonry
32:16 Stronghold
32:42 Onager
Cerrahpaşalı Halit
10:23 Feudal Age
11:13 Double-Bit Axe
13:21 Horse Collar
19:14 Castle Age
20:44 Bow Saw
23:34 Loom
28:35 Fortified Wall
33:32 Imperial Age
31:29 Heavy Plow
33:36 Squires
33:21 Gambesons
33:21 Arson
33:42 Man-at-Arms
STANLEY8392
1:13 Loom
11:16 Feudal Age
11:41 Horse Collar
11:50 Double-Bit Axe
12:41 Wheelbarrow
19:08 Castle Age
17:19 Gold Mining
17:34 Stone Mining
20:04 Bow Saw
19:59 Heavy Plow
25:02 Hand Cart
25:33 Forging
25:23 Padded Archer Armor
30:32 Imperial Age
28:47 Leather Archer Armor
28:23 Fletching
28:57 Scale Barding Armor
30:02 Iron Casting
30:13 Gold Shaft Mining
30:02 Bodkin Arrow
32:17 Two-Man Saw
32:07 Ring Archer Armor
33:10 Blast Furnace
34:18 Bracer
matso
9:56 Feudal Age
14:34 Castle Age
12:49 Double-Bit Axe
13:19 Horse Collar
16:20 Bow Saw
20:43 Heavy Plow
21:31 Wheelbarrow
22:03 Fletching
22:57 Gold Mining
23:36 Padded Archer Armor
24:38 Bodkin Arrow
25:39 Ballistics
25:52 Husbandry
26:22 Hand Cart
26:48 Thumb Ring
27:34 Bloodlines
28:22 Leather Archer Armor
30:40 Gold Shaft Mining
34:49 Imperial Age
[BOT] FZH
11:06 Feudal Age
16:12 Castle Age
15:33 Loom
20:07 Double-Bit Axe
27:13 Horse Collar
27:45 Bow Saw
28:13 Wheelbarrow
27:24 Town Watch
31:42 Hand Cart
34:33 Imperial Age
32:09 Heavy Plow
granada3660
9:42 Feudal Age
10:10 Double-Bit Axe
17:11 Castle Age
15:29 Horse Collar
16:16 Gold Mining
18:03 Bow Saw
18:04 Heavy Plow
19:54 Fletching
20:06 Padded Archer Armor
21:04 Gold Shaft Mining
27:24 Ballistics
27:24 Thumb Ring
28:59 Wheelbarrow
32:12 Imperial Age
30:10 Hand Cart
29:42 Loom
30:58 Bodkin Arrow
31:05 Padded Archer Armor
31:13 Town Watch
32:39 Town Patrol
33:38 Parthian Tactics
33:25 Marauders
33:46 Conscription
33:04 Capped Ram
35:58 Two-Man Saw
Connection lost

Rejoining the realm…

Still unreachable

The connection could not be restored.

Session expired

The server has moved on; the page needs a fresh start.